 Dungeon Crawl Stone Soup version 0.31-a0-532-g28f74ba3e5 (webtiles) character file.

Game seed: 2512065317691140549

386 mdonais the Shooter (level 6, -8/44 HPs)
             Began as an Octopode Hexslinger on Aug 12, 2023.
             Mangled by a gnoll
             ... wielding a +0 flail
              (11 damage)
             ... on level 2 of the Dungeon.
             The game lasted 00:10:52 (1726 turns).

mdonais the Shooter (Octopode Hexslinger)           Turns: 1726, Time: 00:10:52

Health: -8/44      AC:  1    Str:  7    XL:     6   Next: 78%
Magic:  7/7        EV: 13    Int: 15    God:
Gold:   133        SH:  0    Dex: 17    Spells: 3/7 levels left

rFire   . . .        b - +0 short sword
rCold   . . .        (no shield)
rNeg    . . .        (helmet restricted)
rPois   .            (no amulet)
rElec   .            (no ring)
rCorr   .            (no ring)
SInv    .            (no ring)
Will    .....        (no ring)
Stlth   +++          (no ring)
HPRegen 0.27/turn    (no ring)
MPRegen 0.10/turn    (no ring)
                     (no ring)

%: no passive effects
@: no status effects
A: almost no armour, amphibious, 8 rings, camouflage 1, gelatinous body 1,
(nimble swimmer 1), tentacles
a: no special abilities


You were on level 2 of the Dungeon.
You visited 1 branch of the dungeon, and saw 3 of its levels.

You collected 133 gold pieces.

Inventory:

Hand Weapons
 a - a +1 sling
 b - a +0 short sword (weapon)
   (You took it off a kobold on level 1 of the Dungeon)
Missiles
 d - 6 poisoned darts
 t - 5 boomerangs
Magical Staves
 g - a staff of conjuration
   (You found it on level 1 of the Dungeon)
Scrolls
 i - 2 scrolls of enchant armour {unknown}
 j - 2 scrolls of identify {unknown}
 l - a scroll of summoning {unknown}


   Skills:
 + Level 4.7 Fighting
 + Level 5.1 Ranged Weapons
 - Level 2.0 Dodging
 * Level 0.4 Stealth
 - Level 1.0 Spellcasting
 - Level 3.0 Hexes


You had 3 spell levels left.
You knew the following spells:

 Your Spells              Type           Power      Damage    Failure   Level
a - Slow                  Hex            36%        N/A       7%          1
b - Inner Flame           Hex/Fire       5%         N/A       36%         3

Your spell library contained the following spells:

 Spells                   Type           Power      Damage    Failure   Level
 Portal Projectile        Hex/Tloc       10%        N/A       36%         3
 Cause Fear               Hex            4%         N/A       56%         4


Dungeon Overview and Level Annotations

Branches:
Dungeon (3/15) Zot: 16244

Altars:


Innate Abilities, Weirdness & Mutations

You cannot wear most types of armour.
You are amphibious.
You can wear up to eight rings at the same time.
Your skin changes colour to match your surroundings (Stealth+).
Your rubbery body absorbs attacks. (AC +1, EV +1)
((You are camouflaged when in or above water. (Stealth+)))
You have tentacles for arms and can constrict up to eight enemies at once.


Message History

You are too injured to fight recklessly!
a - a +1 sling (weapon)
You feel less wooden.
You now have 9/44 hp.
You are too injured to fight recklessly!
Fire: a) +1 sling
Press: ? - help, Q - select action, (/) - cycle Shift-Dir - straight line, f - orc
Aim: an orc, wielding a +0 short sword, wearing a +0 leather armour and quivering boomerangs (wandering, hasn't noticed you, 63% to hit)
You shoot a sling bullet. The orc shouts!
The sling bullet hits the orc.
The orc is lightly wounded.
You hear a shout!
The orc throws a boomerang.
The boomerang barely misses you.
The orc throws a boomerang.
The boomerang misses you.
There is a stone staircase leading up here.
The orc throws a boomerang.
The boomerang hits you.
* * * LOW HITPOINT WARNING * * *
You climb upwards.
There is a stone staircase leading down here.
You take 3 damage, and have 9/44 hp.
You start resting.
HP restored.
Health restored: 44 You climb downwards.
The orc throws a boomerang.
The boomerang hits you.
There is a stone staircase leading up here.
You take 5 damage, and have 39/44 hp.
You shoot a sling bullet. The sling bullet hits the orc.
The orc is almost dead.
You shoot a sling bullet. The sling bullet barely misses the orc.
The orc throws a boomerang.
The boomerang hits you.
The orc throws a boomerang.
The boomerang barely misses you.
You take 6 damage, and have 34/44 hp.
You shoot a sling bullet. The sling bullet hits the orc!
You kill the orc!
You shoot a sling bullet.
The sling bullet hits the orc but does no damage.
b - a +0 short sword (weapon)
You closely miss the orc. You grab the orc.
You squeeze the orc, but do no damage.
You constrict the orc, but do no damage.
The orc hits you but does no damage.
You hit the orc but do no damage.
You constrict the orc, but do no damage.
The orc barely misses you.
You hit the orc.
The orc is lightly wounded.
You constrict the orc, but do no damage.
The orc hits you with a +0 club.
You take 2 damage, and have 34/44 hp.
You hit the orc but do no damage.
The orc is lightly wounded.
You constrict the orc, but do no damage.
The orc misses you.
You hit the orc but do no damage. You squeeze the orc, but do no damage.
The orc is lightly wounded.
You constrict the orc. The orc closely misses you.
You hit the orc but do no damage.
The orc is heavily wounded.
You constrict the orc. The orc hits you with a +0 club.
You take 2 damage, and have 32/44 hp.
You hit the orc but do no damage.
The orc is severely wounded.
You constrict the orc.
You kill the orc!
No target in view!
a - a +1 sling (weapon)
An orc is nearby!
You shoot a sling bullet. The sling bullet hits the orc.
The orc is heavily wounded.
You shoot a sling bullet.
The sling bullet hits the orc but does no damage.
The orc is heavily wounded.
You shoot a sling bullet. The sling bullet hits the orc.
You kill the orc!
No target in view!
HP restored.
t - 5 boomerangs (gained 1)
Things that are here:
a +0 short sword; a +0 leather armour; an orc corpse You now have 133 gold pieces (gained 12).
Things that are here:
a +0 war axe; a +0 ring mail A gnoll comes into view.
It is wielding a +0 spear.
Health restored: 44 This spell is quite dangerous to cast!
You start memorising the spell.
You continue memorising. x3
You finish memorising.
Spell assigned to 'b'.
You shoot a sling bullet. The gnoll shouts!
The sling bullet hits the gnoll.
The gnoll is lightly wounded.
You hear a shout!
You shoot a sling bullet. The sling bullet hits the gnoll.
The gnoll is heavily wounded.
You hear a shout! x2
You shoot a sling bullet. The sling bullet hits the gnoll!
You kill the gnoll!
A gnoll comes into view. It is wielding a +0 flail. x2
A frilled lizard comes into view.
Things that are here:
a +0 club; a +0 chain mail; an orc corpse
There is a stone staircase leading up here.
You shoot a sling bullet. The sling bullet hits the gnoll.
The gnoll is moderately wounded.
The gnoll hits you with a +0 flail!
You climb upwards.
There is a stone staircase leading down here.
You take 13 damage, and have 31/44 hp.
MASSIVE DAMAGE!!
b - a +0 short sword (weapon)
a - a +1 sling (weapon)
The gnoll hits you with a +0 flail!
You take 12 damage, and have 20/44 hp.
MASSIVE DAMAGE!!
b - a +0 short sword (weapon)
You are too injured to fight recklessly!
You are too injured to fight recklessly!
You are too injured to fight recklessly!
You are too injured to fight recklessly!
You are too injured to fight recklessly!
Hit: b) +0 short sword
Press: ? - help, Dir - move target, f - gnoll
Aim: a gnoll, wielding a +0 flail (about 32% to evade your +0 short sword)
Okay, then.
Unknown command.
Unknown command.
You hit the gnoll. You grab the gnoll. You squeeze the gnoll.
The gnoll is moderately wounded.
You constrict the gnoll, but do no damage.
The gnoll barely misses you.
You hit the gnoll but do no damage.
The gnoll is moderately wounded.
You constrict the gnoll, but do no damage.
The gnoll barely misses you.
You hit the gnoll but do no damage.
You tentacle-slap the gnoll, but do no damage.
The gnoll is moderately wounded.
You constrict the gnoll. The gnoll hits you with a +0 flail!
* * * LOW HITPOINT WARNING * * *
You take 8 damage, and have 12/44 hp.
You hit the gnoll.
The gnoll is heavily wounded.
You constrict the gnoll. The gnoll hits you with a +0 flail!
* * * LOW HITPOINT WARNING * * *
You take 9 damage, and have 3/44 hp.
MASSIVE DAMAGE!!
You aren't carrying any potions.
You hit the gnoll.
You squeeze the gnoll, but do no damage.
The gnoll is severely wounded.
You constrict the gnoll. The gnoll hits you with a +0 flail!
You die...

..#..#
#.............#
.##..#
#.##...########
.##..# #.##...#
.##..#####.##...#
.##........##...#
.###..#######...#
.##.............##
.##.######.#.....###
.##.# #.##.#.@..#
.##.# #.##.#g##.#
.##.######....).##.#
###.............##.#
.....#..........'..#
.....#..........####
.....#..........#
..#+##..........#
..#.##..........#


You could see a gnoll.

Vanquished Creatures
  Grinder (D:3)
  A scorpion (D:3)
  An orc priest (D:3)
  Jessica (D:3)
  A gnoll (D:3)
  2 adders (D:2)
  2 dart slugs
  6 orcs (D:3)
  5 endoplasms
  3 giant cockroaches
  5 goblins
  3 ball pythons (D:1)
  5 bats (D:2)
  2 frilled lizards (D:2)
  4 kobolds
  3 rats
45 creatures vanquished.

Notes
Turn   | Place    | Note
-------+----------+-------------------------------------------
     0 | D:1      | mdonais the Octopode Hexslinger began the quest for the
                  | Orb.
     0 | D:1      | Reached XP level 1. HP: 13/13 MP: 2/2
   272 | D:1      | Reached XP level 2. HP: 18/18 MP: 3/3
   890 | D:2      | Reached XP level 3. HP: 24/24 MP: 4/4
  1011 | D:2      | Reached skill level 3 in Ranged Weapons
  1217 | D:3      | Reached XP level 4. HP: 24/30 MP: 5/5
  1217 | D:3      | Noticed a scorpion
  1218 | D:3      | Noticed Jessica
  1227 | D:3      | Killed a scorpion
  1228 | D:3      | Reached XP level 5. HP: 27/36 MP: 6/6
  1230 | D:3      | Killed Jessica
  1231 | D:3      | Reached skill level 4 in Ranged Weapons
  1445 | D:3      | Noticed Grinder
  1482 | D:3      | Paralysed by Grinder for 3 turns
  1486 | D:3      | Killed Grinder
  1487 | D:3      | Reached skill level 5 in Ranged Weapons
  1487 | D:3      | Reached XP level 6. HP: 12/44 MP: 7/7
  1707 | D:3      | Learned a level 3 spell: Inner Flame
  1726 | D:2      | Mangled by a gnoll

Illustrated notes

Levels and vault maps discovered:
D:1:      lemuel_arrival_lava_pool, layout_basic
D:2:      layout_basic
D:3:      layout_rooms, nicolae_sif_muna_condensation, vehumet_statue,
          mainiacjoe_overflow_alcove_4, serial_glass, glass_columns_a,
          glass_columns_a, glass_columns_b, glass_columns_a, glass_columns_a,
          glass_columns_c, glass_columns_c, glass_columns_a, uniq_grinder,
          uniq_jessica

Skill      XL: |  1  2  3  4  5 |
---------------+----------------+-----
Fighting       | 2 3 4 |  4.7
Ranged Weapons | 3 5 |  5.1
Dodging        | |  2.0
Stealth        | |  0.4
Spellcasting   | |  1.0
Hexes          | |  3.0

Action                     |  1- 3 |  4- 6 || total
---------------------------+-------+-------++-------
  Melee: Unarmed           |    10 |       ||    10
         Constrict         |     2 |     5 ||     7
         Tentacles         |     1 |     6 ||     7
         Short sword       |     1 |    32 ||    33
         Punch             |       |     1 ||     1
   Fire: Sling             |    85 |    59 ||   144
    Use: Potion            |     1 |     2 ||     3
         Scroll            |       |     2 ||     2
 Armour: Skin              |     4 |     9 ||    13
  Dodge: Dodged            |    20 |    23 ||    43

Table legend: (Time is in decaauts)
 A = Elapsed time spent in this place.
 B = Non-inter-level travel time spent in this place.
 C = Inter-level travel time spent in this place.
 D = Time resting spent in this place.
 E = Time spent auto-exploring this place.
 F = Levels seen in this place.
 G = Mean time per level.
                   A        B        C        D        E       F      G
               +--------+--------+--------+--------+--------+-----+--------+
         Total |   1754 |   1700 |     54 |    164 |   1141 |   3 |  584.7 |
       Dungeon |   1754 |   1700 |     54 |    164 |   1141 |   3 |  584.7 |
               +--------+--------+--------+--------+--------+-----+--------+

Top non-repeatable levels by time:
     D:2: 708 daAuts
     D:1: 678 daAuts
     D:3: 367 daAuts
